 Dungeon Crawl Stone Soup version 0.29.1-1-gd02db6906a (webtiles) character file.

Game seed: 15348229219644229407

127 mopl the Poker (level 4, -5/36 HPs)
             Began as a Palentonga Gladiator on Oct 19, 2022.
             Was a Follower of Trog.
             Slain by a gnoll
             ... wielding a +0 spear
              (7 damage)
             ... on level 3 of the Dungeon.
             The game lasted 00:03:08 (1625 turns).

mopl the Poker (Palentonga Gladiator)               Turns: 1625, Time: 00:03:09

Health: -5/36      AC:  7    Str: 21    XL:     4   Next: 85%
Magic:  4/4        EV: 10    Int:  8    God:    Trog [*.....]
Gold:   43         SH:  0    Dex: 12    Spells: 3/3 levels left

rFire   . . .      SeeInvis +   a - +0 trident
rCold   . . .      Faith    .   (no shield)
rNeg    . . .      Spirit   .   b - +0 leather armour
rPois   .          Reflect  .   c - +0 helmet
rElec   .          Harm     .   (no cloak)
rCorr   .          Rampage  .   k - +1 pair of gloves
Will    .....                   (no barding)
Stlth   +.........              (no amulet)
HPRegen 0.12/turn               (no ring)
MPRegen 0.09/turn               (no ring)

@: about to teleport, on berserk cooldown, slowed, very slow
A: large, rugged brown scales 3, see invisible, deformed body, roll 1, armoured
tail
a: Rolling Charge, Renounce Religion, Berserk


You were on level 3 of the Dungeon.
You worshipped Trog.
Trog was aware of your devotion.
You visited 1 branch of the dungeon, and saw 3 of its levels.

You collected 43 gold pieces.

Inventory:

Hand Weapons
 a - a +0 trident (weapon)
Missiles
 d - 4 throwing nets (quivered)
 e - a javelin
Armour
 b - a +0 leather armour (worn)
 c - a +0 helmet (worn)
 k - a +1 pair of gloves (worn)
Scrolls
 h - 3 scrolls of teleportation
 i - a scroll of amnesia {unknown}
 j - a scroll of magic mapping {unknown}
 m - a scroll of fear {unknown}
 o - a scroll of summoning {unknown}
 p - 3 scrolls of silence {unknown}
Potions
 f - 2 potions of flight {unknown}
 g - 2 potions of curing {unknown}
 l - a potion of attraction {unknown}
 n - 2 potions of haste {unknown}


   Skills:
 + Level 2.6 Fighting
 * Level 3.7 Polearms
 + Level 2.0 Throwing
 + Level 1.2 Armour
 + Level 2.9 Dodging


You had 3 spell levels left.
You didn't know any spells.
Your spell library was empty.

Dungeon Overview and Level Annotations

Branches:
Dungeon (3/15)

Altars:
Trog

Shops:
D:1 :


Innate Abilities, Weirdness & Mutations

You are completely covered in rugged brown scales. (AC +3, +7% HP)
You have supernaturally acute eyesight. (SInv)
Armour fits poorly on your strangely shaped body.
You can roll at nearby foes to attack.
You have a long armoured tail.


Message History

The gnoll hits you from afar with a +0 spear.
Unknown command.
You puncture the gnoll!
You kill the gnoll!
Trog accepts your kill.
You feel sick.
Your Throwing skill increases to level 2!
You feel sick. The gnoll closely misses you.
The gnoll hits you but does no damage. The goblin hits you but does no damage.
Things that are here:
a +0 flail; a gnoll corpse Unknown command.
You barely miss the goblin.
You feel sick. The gnoll hits you with a +0 spear. x2
The goblin hits you but does no damage.
You closely miss the goblin. The gnoll hits you with a +0 spear. x2
* * * LOW HITPOINT WARNING * * *
The goblin barely misses you.
Unknown command.
You closely miss the goblin.
You feel sick.
You are no longer poisoned.
Unknown command.
You barely miss the gnoll.
You are no longer berserk.
You are exhausted.
You feel yourself slow down. The gnoll closely misses you. x2
The goblin closely misses you.
Unknown command.
The gnoll attacks as you move away! The gnoll hits you but does no damage.
The goblin attacks as you move away! The goblin closely misses you.
The gnoll hits you from afar with a +0 spear.
* * * LOW HITPOINT WARNING * * *
The gnoll closely misses you.
As you read the scroll labelled DUDDASHUBO, it crumbles to dust.
You feel strangely unstable.
It was a scroll of teleportation.
The gnoll hits you from afar with a +0 spear.
* * * LOW HITPOINT WARNING * * *
The gnoll hits you but does no damage. The goblin hits you but does no damage.
The gnoll completely misses you.
The gnoll hits you from afar with a +0 spear!
You die...

#......########
#..............
...............
#.... #........
#....<#<#.#####
#..$..#...#
#.....g.g##
......#g##
#.....#@# ##...
#..# #.#. ##.#
#.# .# # .# .#
.# .#


You could see 2 gnolls and a goblin.

Vanquished Creatures
  Terence (D:2)
  5 gnolls
  An adder (D:3)
  3 dart slugs
  3 endoplasms
  A giant cockroach (D:2)
  4 hobgoblins
  3 jackals (D:2)
  2 quokkas
  3 ball pythons
  4 bats (D:1)
  5 frilled lizards
  2 kobolds (D:2)
  4 rats
41 creatures vanquished.

Notes
Turn   | Place    | Note
-------+----------+-------------------------------------------
     0 | D:1      | mopl the Palentonga Gladiator began the quest for the Orb.
     0 | D:1      | Reached XP level 1. HP: 17/17 MP: 1/1
   311 | D:1      | Reached XP level 2. HP: 23/23 MP: 2/2
   369 | D:1      | Found Qeipuam's Book Shoppe.
   705 | D:2      | Noticed Terence
   714 | D:2      | Killed Terence
   715 | D:2      | Reached skill level 3 in Polearms
   715 | D:2      | Reached XP level 3. HP: 24/29 MP: 3/3
   807 | D:2      | Reached skill level 1 in Armour
   807 | D:2      | Reached XP level 4. HP: 23/36 MP: 4/4
  1408 | D:2      | Found a faded altar of an unknown god.
  1575 | D:2      | Prayed at the altar of an unknown god.
  1575 | D:2      | Became a worshipper of Trog the Wrathful
  1575 | D:2      | Reached * piety under Trog
  1625 | D:3      | Slain by a gnoll

Illustrated notes

Levels and vault maps discovered:
D:1:      wheals_arrival_shading, layout_basic, serial_shops, shop
D:2:      layout_rooms, shapermc_ecumenical_altar_ellora, nicolae_hexahallways,
          uniq_terence
D:3:      layout_rooms

Skill      XL: |  1  2  3  4 |
---------------+-------------+-----
Polearms       | 3 |  3.7
Armour         | 1 |  1.2
Throwing       | 2 |  2.0
Fighting       | |  2.6
Dodging        | |  2.9

Action                   |  1- 3 |  4- 6 || total
-------------------------+-------+-------++-------
Melee: Trident           |    48 |    62 ||   110
       Tailslap          |     6 |     5 ||    11
Invok: Berserk           |       |     1 ||     1
  Use: Scroll            |       |     1 ||     1
 Stab: Sleeping          |     1 |       ||     1
Armor: Leather armour    |    14 |    25 ||    39
Dodge: Dodged            |    16 |    38 ||    54
